 Dungeon Crawl Stone Soup version 0.32-a0-290-g598725c5f2 (webtiles) character file.

Game seed: 3544272633068728698

1630100 momomo the Slayer (level 27, 238/238 HPs)
             Began as a Formicid Monk on Feb 13, 2024.
             Was the Champion of Ru.
             Escaped with the Orb
             ... and 3 runes!
             The game lasted 02:35:51 (73049 turns).

momomo the Slayer (Formicid Monk)                  Turns: 73049, Time: 02:35:51

Health: 238/238    AC: 49    Str: 33    XL:     27
Magic:  32/32      EV: 14    Int: 13    God:    Ru [******]
Gold:   4171       SH: 30    Dex: 20    Spells: 38/38 levels left

rFire   + . .        S - +9 battleaxe "Jefoy" {vamp, +Blink Will- Int+3}
rCold   + + +        q - +7 tower shield
rNeg    . . .        i - +15 Maxwell's patent armour {-Cast -Tele rElec Will+ rCorr}
rPois   +            (helmet unavailable)
rElec   +            f - scarf {rC+ rF+}
rCorr   +            A - +2 pair of gloves "Nuafu" {Str+3}
SInv    +            j - +2 pair of boots "Ciev" {rElec Will+}
Will    ++++.        H - amulet "Lasisaq" {Spirit *Corrode rElec rC+++ Stlth-} Stlth
                     Z - ring of the Tortoise {AC+8}
HPRegen 0.59/turn    Y - ring "Jimuc" {rPois Str+2 Dex+4}
MPRegen 0.23/turn

%: no spellcasting, corrode self (3%), guardian spirit
@: no status effects
A: permanent stasis, dig shafts and tunnels, antennae 3, dopey 1, inability to
read after injury 2, no stealth, inability to use devices, disrupted magic 1,
unskilled 1, four strong arms, strong-willed 1, evolution 1
0: Orb of Zot
}: 3/15 runes: decaying, silver, gossamer
a: Dig, Shaft Self, Renounce Religion, Draw Out Power, Power Leap, Apocalypse


You escaped.
You worshipped Ru.
Ru was exalted by your worship.
You visited 9 branches of the dungeon, and saw 47 of its levels.
You visited 1 bazaar.
You also visited: Sewer, Gauntlet and Wizlab.

You collected 7910 gold pieces.
You spent 3739 gold pieces at shops.

Inventory:

Hand Weapons
 k - a +1 battleaxe of distortion
 z - a +9 battleaxe of freezing
 O - a +7 sacred scourge of holy wrath
 S - the +9 battleaxe "Jefoy" (weapon) {vamp, +Blink Will- Int+3}
   (You found it on level 15 of the Dungeon)

   Int+3:     It affects your intelligence (+3).
   Will-:     It decreases your willpower.
   +Blink:    It lets you blink.
Missiles
 b - 5 darts of dispersal
 m - 2 throwing nets (quivered) {!f}
 o - 7 silver javelins
 y - 25 boomerangs
 P - 13 javelins
 X - 17 curare-tipped darts
Armour
 f - a scarf of resistance (worn)
 i - the +15 Maxwell's patent armour (worn) {-Cast -Tele rElec Will+ rCorr}
   (You found it in a wizard's laboratory)

   rElec:     It insulates you from electricity.
   Will+:     It increases your willpower.
   -Cast:     It prevents spellcasting.
   -Tele:     It prevents most forms of teleportation.
   rCorr:     It protects you from acid and corrosion.
 j - the +2 pair of boots "Ciev" (worn) {rElec Will+}
   (You found it in a Gauntlet)

   rElec:     It insulates you from electricity.
   Will+:     It increases your willpower.
 n - the +8 plate armour of the Pink Corner {Rampage Regen+ MP+9 Int+3}
   (You found it on level 3 of the Vaults)

   Int+3:     It affects your intelligence (+3).
   MP+9:      It affects your magic capacity (+9).
   Regen+:    It increases your rate of health regeneration.
   Rampage:   It bestows one free step when moving towards enemies.
 q - a +7 tower shield (worn)
 A - the +2 pair of gloves "Nuafu" (worn) {Str+3}
   (You found it on level 3 of the Depths)

   Str+3:     It affects your strength (+3).
 U - a +0 kite shield of fire resistance
Jewellery
 a - a ring of protection from fire
 c - a ring of positive energy
 d - a ring of protection from fire
 e - a ring of willpower
 l - a ring of flight
 p - a +6 ring of strength
 r - a +5 ring of evasion
 s - a +4 ring of slaying
 v - an amulet of guardian spirit
 H - the amulet "Lasisaq" (around neck) {Spirit *Corrode rElec rC+++ Stlth-}
   (You took it off a deep elf elementalist on level 3 of the Elven Halls)

   [amulet of guardian spirit]

   Spirit:    It causes incoming damage to be divided between your reserves of
   health and magic.
   rC+++:     It renders you almost immune to cold.
   rElec:     It insulates you from electricity.
   *Corrode:  It may corrode you when you take damage.
   Stlth-:    It makes you less stealthy.
 J - the amulet "Faosm" {Faith -Cast Rampage rF+ rC+}
   (You found it in a wizard's laboratory)

   [amulet of faith]

   Faith:     It allows you to gain divine favour quickly.
   rF+:       It protects you from fire.
   rC+:       It protects you from cold.
   -Cast:     It prevents spellcasting.
   Rampage:   It bestows one free step when moving towards enemies.
 K - a ring of resist corrosion
 L - a ring of protection from cold
 Q - the ring of Sedwust {Fire rN+ Str+3}
   (You found it in a wizard's laboratory)

   [ring of fire]

   Fire:      It enhances your fire magic.
   Str+3:     It affects your strength (+3).
   rF+:       It protects you from fire.
   rC-:       It makes you vulnerable to cold.
   rN+:       It protects you from negative energy.
 Y - the ring "Jimuc" (right hand) {rPois Str+2 Dex+4}
   (You took it off an ogre mage on level 5 of the Vaults)

   [ring of poison resistance]

   Str+2:     It affects your strength (+2).
   Dex+4:     It affects your dexterity (+4).
   rPois:     It protects you from poison
 Z - the ring of the Tortoise (left hand) {AC+8}
   (You found it on level 5 of the Vaults)

   [ring of protection]

   AC+8:      It affects your AC (+8).
Scrolls
 g - 12 scrolls of silence
 w - 10 scrolls of fear
 x - 6 scrolls of fog
 B - 8 scrolls of vulnerability
 D - 8 scrolls of poison
 V - 2 scrolls of summoning
Potions
 h - 16 potions of heal wounds {@q2}
 t - a potion of mutation
 u - 9 potions of resistance {@q5}
 C - 8 potions of lignification
 E - 18 potions of curing {@q1}
 F - 6 potions of enlightenment
 G - 2 potions of attraction
 I - 9 potions of ambrosia
 M - 2 potions of cancellation
 N - a potion of invisibility
 R - 2 potions of might {@q3}
 W - 4 potions of magic


   Skills:
 - Level 24.0 Fighting
 - Level 22.0 Axes
 + Level 23.4 Throwing
 - Level 19.2 Armour
 - Level 9.0 Dodging
 - Level 20.0 Shields
 - Level 6.0 Spellcasting


You had 38 spell levels left.
You didn't know any spells.
Your spell library contained the following spells:

 Spells                   Type           Power      Damage    Failure   Level
 Apportation              Tloc           6%         N/A       75%         1
 Foxfire                  Conj/Fire      12%        2x1d4     75%         1
 Kiss of Death            Conj/Necr      12%        2d6       75%         1
 Magic Dart               Conj           12%        1d3       75%         1
 Necrotise                Necr           12%        1d4       75%         1
 Slow                     Hex            12%        N/A       75%         1
 Sting                    Conj/Alch      12%        1d3       75%         1
 Summon Small Mammal      Summ           12%        N/A       75%         1
 Call Imp                 Summ           6%         N/A       86%         2
 Jinxbite                 Hex            6%         N/A       86%         2
 Mercury Vapours          Alch/Air       6%         N/A       86%         2
 Scorch                   Fire           6%         2d5       86%         2
 Searing Ray              Conj           6%         2d4       86%         2
 Static Discharge         Conj/Air       6%         3-4/arc   86%         2
 Sublimation of Blood     Necr           3%         N/A       86%         2
 Call Canine Familiar     Summ           3%         N/A       97%         3
 Confusing Touch          Hex            3%         N/A       97%         3
 Fugue of the Fallen      Necr           3%         N/A       97%         3
 Gell's Gravitas          Tloc           3%         N/A       97%         3
 Hailstorm                Conj/Ice       3%         3d5       97%         3
 Passwall                 Erth           3%         N/A       97%         3
 Sigil of Binding         Hex            3%         N/A       97%         3
 Summon Ice Beast         Ice/Summ       3%         N/A       97%         3
 Tukima's Dance           Hex            3%         N/A       97%         3
 Vampiric Draining        Necr           3%         2d6       97%         3
 Airstrike                Air            1%         2d(1-17)  100%        4
 Anguish                  Hex/Necr       1%         N/A       100%        4
 Animate Armour           Summ/Erth      6%         N/A       100%        4
 Animate Dead             Necr           3%         N/A       100%        4
 Cause Fear               Hex            1%         N/A       100%        4
 Dimensional Bullseye     Hex/Tloc       1%         N/A       100%        4
 Dispel Undead            Necr           3%         3d7       100%        4
 Flame Wave               Conj/Fire      3%         2d5       100%        4
 Fulminant Prism          Conj/Alch      1%         3d5       100%        4
 Iskenderun's Mystic Bla  Conj/Tloc      3%         2d3       100%        4
 Leda's Liquefaction      Alch/Erth      1%         N/A       100%        4
 Manifold Assault         Tloc           3%         N/A       100%        4
 Martyr's Knell           Necr/Summ      3%         N/A       100%        4
 Olgreb's Toxic Radiance  Alch           3%         N/A       100%        4
 Passage of Golubria      Tloc           3%         N/A       100%        4
 Summon Blazeheart Golem  Fire/Summ      3%         N/A       100%        4
 Summon Lightning Spire   Summ/Air       3%         N/A       100%        4
 Alistair's Intoxication  Alch           2%         N/A       100%        5
 Arcjolt                  Conj/Air       1%         1d11      100%        5
 Borgnjor's Vile Clutch   Necr/Erth      1%         N/A       100%        5
 Curse of Agony           Necr           3%         N/A       100%        5
 Lee's Rapid Deconstruct  Erth           1%         3d4*      100%        5
 Summon Forest            Summ/Tloc      1%         N/A       100%        5
 Summon Mana Viper        Hex/Summ       3%         N/A       100%        5
 Yara's Violent Unravell  Hex/Alch       1%         3d3       100%        5
 Bombard                  Conj/Erth      1%         9d1       100%        6
 Death Channel            Necr           1%         N/A       100%        6
 Dispersal                Tloc           1%         N/A       100%        6
 Sculpt Simulacrum        Ice/Alch       1%         N/A       100%        6
 Summon Cactus Giant      Summ           1%         N/A       100%        6
 Enfeeble                 Hex            1%         N/A       100%        7
 Haunt                    Necr/Summ      1%         N/A       100%        7
 Monstrous Menagerie      Summ           1%         N/A       100%        7
 Orb of Destruction       Conj           1%         9d5       100%        7
 Ozocubu's Refrigeration  Ice            1%         4d7       100%        7
 Spellforged Servitor     Conj/Summ      1%         N/A       100%        7
 Borgnjor's Revivificati  Necr           1%         N/A       100%        8
 Disjunction              Tloc           1%         N/A       100%        8
 Infestation              Necr           1%         N/A       100%        8
 Maxwell's Capacitive Co  Air            1%         ∞         100%        8
 Chain Lightning          Conj/Air       1%         3d2       100%        9
 Death's Door             Necr           1%         N/A       100%        9
 Polar Vortex             Ice            1%         N/A       100%        9
 Blink                    Tloc           Unusable   N/A       N/A         2
 Vhi's Electric Charge    Tloc/Air       Unusable   N/A       N/A         4

Dungeon Overview and Level Annotations

Branches:
Dungeon (15/15)            Temple (0/1) D:6            Lair (5/5) D:10
  Swamp (4/4) Lair:3       Spider (4/4) Lair:3        Slime (0/5) Lair:5
    Orc (2/2) D:12            Elf (3/3) Orc:2        Vaults (5/5) D:14
  Crypt (0/3) Vaults:2     Depths (4/4) D:15            Zot (5/5) Depths:4
  Sewer (visited)          WizLab (visited)         Gauntlet (visited)

Altars:
Cheibriados
Fedhas
Hepliaklqana
Nemelex Xobeh
Ru
Trog
Vehumet
Yredelemnul
The Shining One
Jiyva

Shops:
D:15 :   Orc:2 [**[*([:*   Elf:2 (   Vaults:4 ?   Depths:1 *([[

Portals:
Hell: Depths:2 Depths:3 Depths:4
Abyss: Depths:3 Depths:4
Pandemonium: Depths:2 Depths:3
Ziggurat: Depths:1
Trove: D:15 (give 16 potions of curing)

Annotations:
Depths:1 exclusions: 2 angels and 3 more exclusions
Depths:3 3 runed translucent doors, Dwachs's ghost, veteran MiFi


Innate Abilities, Weirdness & Mutations

You cannot be hasted, slowed, berserked, paralysed or teleported.
You can dig through walls and to a lower floor.
You have a pair of large antennae on your head. (SInv)
You are dopey. (Int -2)
You sometimes lose the ability to read scrolls when taking damage.
You cannot be stealthy.
You cannot study or use magical devices.
Your casting is slightly disrupted.
You are somewhat unskilled. (-1 Apt)
Your four strong arms can wield two-handed weapons with a shield.
You are strong-willed. (Will+)
You have hidden genetic potential.


Message History

You block the sixfirhy's attack. The sixfirhy closely misses you.
You redirect the sixfirhy's attack!
The sixfirhy closely misses itself.
You block the sixfirhy's attack. The sixfirhy attacks as it pursues you!
You redirect the sixfirhy's attack!
The sixfirhy completely misses itself.
The sixfirhy closely misses you.
The sixfirhy hits you but does no damage.
You block the sixfirhy's attack.
You miss the sixfirhy. You miss the sixfirhy. You slice the sixfirhy!!
You block the sixfirhy's attack. x3
You barely miss the sixfirhy.
You redirect the sixfirhy's attack!
The sixfirhy misses itself.
The sixfirhy closely misses you. x2
You completely miss the sixfirhy. You block the sixfirhy's attack.
The sixfirhy is stunned by your conviction and fails to attack.
You barely miss the sixfirhy. You closely miss the sixfirhy.
You barely miss the sixfirhy. The sixfirhy misses you.
You slice the sixfirhy!!
You kill the sixfirhy!
You block the green death's attack.
You hit the green death.
The green death hits you but does no damage.
You slice the green death!! You block the green death's attack.
You open the green death like a pillowcase!!!
You kill the green death!
No target in view!
No target in view!
No target in view!
No target in view!
No target in view!
No target in view!
No target in view!
No target in view!
No target in view!
There is an open door here.
There is a staircase leading out of the dungeon here.
You have escaped!

.................## #
.....###'#######..#
...#.....########.#####
.#.##.##.##...........#
#..##.##..#..#.....#..#
..#....##...##ß###ß##.#
#...#.....#..#........#
..#...#.###..#.....#..#
#...#...# #..#..@..#..#
..#...#.# #..#.....#..#
#...#...# #........#..#
..#...#.###.##ß###ß##.##
#...#....##.##.....#...#
..#...#..##............#
#.(.#..#...............#
..#..###################
#..###


There were no monsters in sight!

Vanquished Creatures
  4 dread liches
  9 orbs of fire
  Mennas (Depths:4)
  3 ancient liches (Zot:5)
  4 Killer Klowns
  Bai Suzhen (Spider:3)
  A profane servitor (D:12)
  7 golden dragons
  A caustic shrike (Depths:2)
  Arachne (Spider:2)
  A Brimstone Fiend (D:13)
  20 tentacled monstrosities
  3 electric golems
  2 walking crystal tomes (Depths:3)
  Jorgrun (D:13)
  Mlioglotl (Spider:3)
  4 liches
  A Hell Sentinel (D:13)
  An Ice Fiend (Zot:5)
  2 titans
  23 Orb Guardians
  7 quicksilver dragons
  A deep elf master archer (Elf:3)
  6 sphinxes
  2 deep elf blademasters
  An Executioner (Zot:5)
  3 death cobs
  Frances (D:14)
  10 shadow dragons
  6 tengu reavers
  2 thorn hunters
  Donald (D:14)
  12 storm dragons
  8 draconian monks
  A pandemonium lord (D:13)
  5 emperor scorpions
  5 fenstrider witches
  4 iron dragons
  A demonspawn warmonger (D:10)
  3 protean progenitors
  8 draconian knights
  14 fire giants
  2 balrugs
  16 vault wardens
  6 draconian shifters
  17 frost giants
  4 draconian scorchers
  5 draconian stormcallers
  A demonspawn blood saint (D:10)
  4 deep elf elementalists (Elf:3)
  13 deep elf sorcerers
  10 ghost moths
  A broodmother (Spider:3)
  A cacodemon (D:7)
  21 stone giants
  3 orc warlords
  The ghost of Oneirical the Ripper, an adept FeWr of Beogh (Spider:2)
  6 spriggan defenders
  14 draconian annihilators
  26 ironbound preservers
  A ghoul (Swamp:4)
  24 very ugly things
  A formless jellyfish (Vaults:1)
  2 vampire knights
  3 green draconians
  12 ironbound thunderhulks
  4 eleionomae
  8 deep elf death magi
  7 black draconians
  5 deep elf demonologists
  17 dire elephants
  21 red draconians
  6 bunyips
  9 white draconians
  4 war gargoyles
  9 deep elf annihilators
  21 spark wasps
  16 ettins
  7 purple draconians
  7 yellow draconians
  2 green deaths
  6 crystal guardians
  A blizzard demon (D:13)
  7 fire dragons
  2 jiangshi (Depths:1)
  Josephine (D:15)
  9 entropy weavers
  7 deep elf high priests
  11 hydras
  5 great orbs of eyes
  3 hell beasts
  Fannar (Lair:3)
  8 ice dragons
  11 yaktaur captains
  7 rakshasas
  2 salamander tyrants (WizLab)
  3 shambling mangroves
  8 peacekeepers
  3 ogre magi
  21 centaur warriors
  2 ghost crabs (Swamp:4)
  7 ironbound frosthearts
  27 vault guards
  2 catoblepae (D:15)
  6 spriggan air magi
  5 boulder beetles
  A radroach (Spider:4)
  15 alligators
  A death knight (Vaults:2)
  3 jorogumos
  33 dancing weapons
  5 tengu warriors
  5 deep troll shamans
  9 two-headed ogres
  5 death yaks (Lair:4)
  9 deep troll earth magi
  3 demonic crawlers
  3 vampire magi
  An orc high priest (Orc:2)
  7 spriggan berserkers
  The ghost of Malachi the Mimic, a novice TrSh (D:9)
  2 occultists (Depths:2)
  14 spriggans
  Sonja (Orc:1)
  Urug (Lair:5)
  9 sun demons
  15 deep elf knights
  3 soul eaters (Swamp:4)
  A spectral death yak (Lair:5)
  17 hell knights
  4 sixfirhies
  7 pharaoh ants
  6 goliath frogs
  8 iron trolls
  A spectral anaconda (Lair:5)
  2 glowing orange brains
  A glowing orange brain (shapeshifter) (Depths:2)
  12 orb spiders
  3 sun moths (Spider:1)
  A shadow demon (D:15)
  2 deep trolls (shapeshifter)
  47 deep trolls
  A flayed ghost (Depths:1)
  8 deep elf archers
  8 spriggan druids
  2 orange crystal statues (Elf:2)
  2 sun moths (shapeshifter)
  5 harpies (Vaults:1)
  3 arcanists
  8 bog bodies
  A sea snake (shapeshifter) (Depths:3)
  A lindwurm (shapeshifter) (Vaults:5)
  5 steelbarb worms
  12 orc knights
  An obsidian statue (Lair:5)
  30 deep elf zephyrmancers
  4 swamp dragons
  A steelbarb worm (shapeshifter) (Depths:4)
  21 ironbound convokers
  2 shadow dragon zombies (Vaults:5)
  10 necromancers
  3 large abominations (Zot:5)
  The ghost of beef the Toxicologist, a novice DECj of Sif Muna (D:7)
  34 deep elf pyromancers
  2 lightning spires (WizLab)
  6 phantasmal warriors
  3 salamanders (WizLab)
  19 wolf spiders
  10 lindwurms
  An oklob plant (Lair:3)
  29 ugly things
  4 orc sorcerers
  4 cyclopes
  3 will-o-the-wisps
  5 manticores
  9 meliai
  A meliai (shapeshifter) (Vaults:5)
  34 moths of wrath
  Joseph (D:8)
  2 black mambas
  A stone giant skeleton (Vaults:5)
  12 vault sentinels
  16 elephants
  3 kobold blastminers
  4 molten gargoyles
  4 orange demons
  A torpor snail (shapeshifter) (Depths:1)
  7 torpor snails
  11 cane toads
  An elf skeleton (Vaults:5)
  8 gargoyles
  4 unseen horrors
  5 rime drakes
  A hellion (Depths:2)
  5 komodo dragons
  35 yaktaurs
  A yaktaur zombie (Vaults:5)
  2 efreet
  3 freezing wraiths (Vaults:5)
  A yaktaur skeleton (Vaults:5)
  Psyche (D:9)
  5 tengu conjurers
  11 tyrant leeches
  A troll (shapeshifter) (Elf:3)
  The ghost of Drangen the Skirmisher, an amateur GnHu of Okawaru (D:4)
  32 tarantellas
  A bloated husk (Swamp:3)
  4 trolls
  4 hellwings
  21 blink frogs
  A raiju (shapeshifter) (D:15)
  A dream sheep (Lair:3)
  21 hornets
  A tarantella (shapeshifter) (Vaults:5)
  A glass eye (Depths:2)
  42 jumping spiders
  32 slime creatures
  22 culicivoras
  A slime creature (shapeshifter) (Vaults:5)
  2 shadows
  A deep troll skeleton (Vaults:5)
  2 air elementals (Elf:2)
  8 wraiths
  5 fire elementals
  3 water elementals
  20 humans (D:14)
  7 basilisks
  A wyvern (D:8)
  27 yaks
  2 steam dragons (D:9)
  A warg (Orc:2)
  53 redbacks
  A chaos spawn (Swamp:4)
  4 death yak simulacra (Lair:5)
  12 vampire mosquitoes
  Menkaure (D:5)
  An acid dragon (shapeshifter) (D:14)
  2 spectral cane toads (Lair:5)
  12 swamp worms
  9 water moccasins
  A swamp worm (shapeshifter) (Vaults:3)
  3 acid dragons (D:12)
  3 ice beasts (D:10)
  29 orc warriors
  A sky beast (D:7)
  An elephant zombie (Lair:5)
  4 black bears
  A laughing skull (Vaults:2)
  5 boggarts
  12 ogres
  10 wolves
  19 centaurs
  2 phantoms
  2 kobold brigands
  10 bullfrogs
  A gnoll sergeant (D:9)
  6 small abominations (Gauntlet)
  4 earth elementals
  2 necrophages (D:4)
  7 scorpions
  A cane toad simulacrum (Lair:5)
  14 wights
  4 jellies
  5 killer bees
  3 troll skeletons (Swamp:4)
  A troll zombie (Swamp:4)
  2 howler monkeys
  4 electric eels (D:14)
  A lava snake (D:15)
  2 gnoll boudas
  4 hounds
  3 bombardier beetles
  A human zombie (D:4)
  19 orc priests
  A sleepcap (D:7)
  4 iguanas
  16 orc wizards
  2 scorpion zombies (D:4)
  A hound zombie (D:4)
  A mummy (D:4)
  10 gnolls
  8 adders
  A river rat (D:3)
  3 shadow imps
  4 white imps
  3 adder zombies (D:4)
  3 ribbon worms
  3 dart slugs
  77 orcs
  9 bats
  12 endoplasms
  6 giant cockroaches
  10 goblins
  4 hobgoblins
  3 jackals (D:1)
  3 quokkas
  8 ball pythons
  4 frilled lizards
  15 kobolds
  5 rats
  A spectral weapon (Elf:2)
2154 creatures vanquished.

Vanquished Creatures (collateral kills)
  2 Killer Klowns (Zot:2)
  2 tentacled monstrosities (Zot:2)
  2 Orb Guardians (Zot:5)
  A draconian shifter (Zot:2)
  A minotaur (Gauntlet)
8 creatures vanquished.

Vanquished Creatures (others)
  A Killer Klown (Zot:5)
  A tentacled monstrosity (Zot:1)
  An Orb Guardian (Zot:5)
  A death cob (Zot:5)
  A fenstrider witch (Swamp:4)
  A draconian scorcher (Zot:3)
  An iron dragon (Zot:1)
  2 frost giants
  A ghost moth (Spider:3)
  A vault warden (Vaults:4)
  An ironbound preserver (Vaults:5)
  A stone giant (Vaults:5)
  A purple draconian (Depths:4)
  2 deep elf annihilators (Elf:3)
  A yellow draconian (Zot:3)
  A red draconian (Zot:2)
  A blizzard demon (D:10)
  2 ettins
  A hydra (Swamp:1)
  An alligator (Swamp:2)
  An occultist (Swamp:4)
  2 deep elf knights
  A spectral death yak (Lair:5)
  A skyshark (Lair:4)
  A goliath frog (Swamp:1)
  A pharaoh ant (Spider:1)
  A spriggan druid (Swamp:4)
  An arcanist (Gauntlet)
  A deep elf zephyrmancer (Elf:3)
  A steelbarb worm (Spider:4)
  An elephant (Lair:5)
  A vault sentinel (Vaults:5)
  A moth of wrath (Zot:3)
  A gargoyle (WizLab)
  A cane toad (Lair:1)
  An orange demon (Swamp:4)
  A yaktaur (Vaults:2)
  2 bloated husks
  A dream sheep (Lair:3)
  A blink frog (Lair:3)
  A culicivora (Spider:4)
  2 jumping spiders
  3 yaks
  A chaos spawn (Swamp:4)
  An orc warrior (Orc:2)
  An ogre (Vaults:5)
  A boggart (Vaults:2)
  A small abomination (Gauntlet)
  2 wolves
  A centaur (D:12)
  A shadow imp (D:6)
  3 orcs (Orc:1)
  8 foxfires
71 creatures vanquished.

Grand Total: 2233 creatures vanquished

Notes
Turn   | Place    | Note
-------+----------+-------------------------------------------
     0 | D:1      | momomo the Formicid Monk began the quest for the Orb.
     0 | D:1      | Reached XP level 1. HP: 18/18 MP: 1/1
    91 | D:1      | Reached XP level 2. HP: 21/24 MP: 2/2
   240 | D:1      | Found a faded altar of an unknown god.
   267 | D:1      | Reached XP level 3. HP: 25/30 MP: 3/3
   576 | D:1      | Reached XP level 4. HP: 36/37 MP: 4/4
   697 | D:1      | Reached skill level 4 in Fighting
  1038 | D:2      | Found a glowing golden altar of the Shining One.
  1666 | D:3      | Reached XP level 5. HP: 42/42 MP: 5/5
  1703 | D:3      | Found a glowing drain.
  1732 | D:3      | Reached skill level 1 in Shields
  1833 | D:3      | Found a sacrificial altar of Ru.
  1854 | D:3      | Became a worshipper of Ru the Awakened
  1857 | D:3      | Gained mutation: You cannot study or use magical devices.
                  | [Ru sacrifice]
  1857 | D:3      | Reached * piety under Ru
  1857 | D:3      | Reached ** piety under Ru
  1913 | Sewer    | Entered a sewer
  1950 | Sewer    | Identified the +0 pair of boots "Loef" {+Blink}
  2584 | D:3      | Reached skill level 5 in Axes
  2758 | D:4      | Reached XP level 6. HP: 49/49 MP: 6/6
  3545 | D:4      | Noticed Drangen's ghost (amateur GnHu)
  3546 | D:4      | Found a transporter.
  3607 | D:4      | Found a transporter.
  3614 | D:4      | Reached skill level 5 in Fighting
  3614 | D:4      | Reached XP level 7. HP: 56/56 MP: 7/7
  3914 | D:5      | Entered Level 5 of the Dungeon
  3942 | D:5      | Found a hazy altar of Hepliaklqana.
  4480 | D:5      | Noticed Menkaure
  4484 | D:5      | Gained mutation: Your health recovers twice as slowly from
                  | being drained. [potion of mutation]
  4484 | D:5      | Gained mutation: Your spells are a little harder to cast,
                  | but a little more powerful. [potion of mutation]
  4484 | D:5      | Gained mutation: You occasionally lose the ability to drink
                  | potions when taking damage. [potion of mutation]
  4485 | D:5      | Lost mutation: Your spells are a little harder to cast, but
                  | a little more powerful. [potion of mutation]
  4485 | D:5      | Lost mutation: You occasionally lose the ability to drink
                  | potions when taking damage. [potion of mutation]
  4485 | D:5      | Lost mutation: Your health recovers twice as slowly from
                  | being drained. [potion of mutation]
  4485 | D:5      | Gained mutation: You expend magic power (3 MP) to
                  | strengthen your wands. [potion of mutation]
  4485 | D:5      | Gained mutation: Your flesh is heat resistant. (rF+)
                  | [potion of mutation]
  4485 | D:5      | Gained mutation: Your spells are a little harder to cast,
                  | but a little more powerful. [potion of mutation]
  4485 | D:5      | Gained mutation: You passively dampen the noise of your
                  | surroundings. [potion of mutation]
  4494 | D:5      | HP: 2/56 [spore (15)]
  4494 | D:5      | Killed Menkaure
  4495 | D:5      | Reached XP level 8. HP: 3/64 MP: 8/8
  4717 | D:5      | Reached skill level 6 in Fighting
  5720 | D:5      | Reached skill level 7 in Fighting
  6297 | D:5      | Lost mutation: You passively dampen the noise of your
                  | surroundings. [potion of mutation]
  6297 | D:5      | Lost mutation: Your flesh is heat resistant. (rF+) [potion
                  | of mutation]
  6297 | D:5      | Gained mutation: You are covered in fur. (AC +1) [potion of
                  | mutation]
  6297 | D:5      | Gained mutation: You possess an exceptional clarity of
                  | mind. [potion of mutation]
  6537 | D:6      | Found a radiant altar of Vehumet.
  6555 | D:6      | Gained mutation: You cannot be stealthy. [Ru sacrifice]
  6555 | D:6      | Reached *** piety under Ru
  6570 | D:6      | Reached XP level 9. HP: 58/73 MP: 9/9
  6809 | D:6      | Found a blossoming altar of Fedhas.
  6851 | D:6      | Reached skill level 8 in Fighting
  6955 | D:6      | Reached skill level 5 in Shields
  7289 | D:6      | Found a staircase to the Ecumenical Temple.
  7612 | D:6      | Found a snail-covered altar of Cheibriados.
  7898 | D:7      | Found a runed translucent gate.
  7899 | D:7      | Found a runed translucent gate.
  7912 | D:7      | Found a runed translucent gate.
  8043 | D:7      | Noticed beef's ghost (novice DECj)
  8399 | D:7      | Reached skill level 9 in Fighting
  8856 | D:8      | Noticed Joseph
  9035 | D:7      | Reached XP level 10. HP: 52/77 MP: 10/10
  9639 | D:8      | Found a sparkling altar of Nemelex Xobeh.
  9642 | D:8      | Found a glowing golden altar of the Shining One.
  9652 | D:8      | Gained mutation: You are somewhat unskilled. (-1 Apt) [Ru
                  | sacrifice]
  9652 | D:8      | Reached **** piety under Ru
 11319 | D:9      | Reached skill level 1 in Armour
 11405 | D:9      | Reached skill level 10 in Axes
 11560 | D:9      | Found a bloodstained altar of Trog.
 11568 | D:9      | Found a transporter.
 11570 | D:9      | Noticed Malachi's ghost (novice TrSh)
 11571 | D:9      | Found a transporter.
 11574 | D:9      | Noticed a cyan ugly thing
 11822 | D:9      | Noticed Psyche
 12271 | D:10     | Entered Level 10 of the Dungeon
 12524 | D:10     | Reached XP level 11. HP: 66/86 MP: 11/11
 12629 | D:10     | Found a staircase to the Lair.
 13452 | D:11     | Gained mutation: You occasionally lose the ability to read
                  | scrolls when taking damage. [Ru sacrifice]
 13452 | D:11     | Gained mutation: You sometimes lose the ability to read
                  | scrolls when taking damage. [Ru sacrifice]
 13452 | D:11     | Reached ***** piety under Ru
 13491 | D:11     | Noticed a two-headed ogre
 13500 | D:11     | Killed a two-headed ogre
 13617 | D:11     | Noticed a two-headed ogre
 13628 | D:11     | Killed a two-headed ogre
 13977 | D:11     | Found a glowing golden altar of the Shining One.
 14279 | D:11     | Noticed a green ugly thing
 14292 | D:11     | Killed a green ugly thing
 14557 | D:12     | Noticed a two-headed ogre
 14575 | D:12     | Killed a two-headed ogre
 14576 | D:12     | Reached skill level 10 in Shields
 14636 | D:12     | Found a gate leading to a gauntlet.
 14650 | Gauntlet | Entered a Gauntlet
 14650 | Gauntlet | Noticed a cacodemon
 14650 | Gauntlet | Noticed an arcanist
 14650 | Gauntlet | Found a transporter.
 14650 | Gauntlet | Found a transporter.
 14650 | Gauntlet | Found a transporter.
 14650 | Gauntlet | Found a transporter.
 14654 | Gauntlet | Found a transporter.
 14658 | Gauntlet | Noticed a large abomination
 14661 | Gauntlet | Noticed a reaper
 14664 | Gauntlet | Found a transporter.
 14669 | Gauntlet | Found a transporter.
 14679 | Gauntlet | Found a transporter.
 14681 | Gauntlet | Found a large runed translucent door.
 14682 | Gauntlet | Found a large runed translucent door.
 14683 | Gauntlet | Found a large runed translucent door.
 14683 | Gauntlet | Found a large runed translucent door.
 14684 | Gauntlet | Found a runed translucent gate.
 14685 | Gauntlet | Found a transporter.
 14685 | Gauntlet | Found a runed translucent gate.
 14686 | Gauntlet | Found a runed translucent gate.
 14687 | Gauntlet | Found a large runed translucent door.
 14687 | Gauntlet | Found a large runed translucent door.
 14688 | Gauntlet | Found a large runed translucent door.
 14689 | Gauntlet | Found a large runed translucent door.
 14699 | Gauntlet | Found a large runed translucent door.
 14699 | Gauntlet | Found a large runed translucent door.
 14699 | Gauntlet | Found a runed translucent door.
 14700 | Gauntlet | Found a large runed translucent door.
 14701 | Gauntlet | Found a runed translucent door.
 14701 | Gauntlet | Found a large runed translucent door.
 14703 | Gauntlet | Found a transporter.
 14711 | Gauntlet | Found a transporter.
 14715 | Gauntlet | Noticed a necromancer
 14728 | Gauntlet | Found a transporter.
 14763 | Gauntlet | Killed an arcanist
 14768 | Gauntlet | Identified the +2 pair of boots "Ciev" {rElec Will+}
 14800 | Gauntlet | Killed a necromancer
 14811 | Gauntlet | Reached XP level 12. HP: 88/95 MP: 12/12
 14837 | Gauntlet | Found a large runed translucent door.
 14837 | Gauntlet | Found a large runed translucent door.
 14837 | Gauntlet | Found a large runed translucent door.
 14837 | Gauntlet | Found a large runed translucent door.
 14966 | Gauntlet | Noticed a minotaur
 14984 | Gauntlet | Killed a minotaur
 14999 | Gauntlet | Identified the +7 shortbow of Inquiry {heavy, rF+ Dex+3}
 15320 | D:12     | Found a staircase to the Orcish Mines.
 15529 | D:12     | Reached skill level 1 in Spellcasting
 16234 | D:9      | Killed Psyche
 16355 | D:8      | Killed Joseph
 16596 | D:8      | Found a sparkling altar of Nemelex Xobeh.
 16606 | D:8      | Found a glowing golden altar of the Shining One.
 17018 | D:4      | Found a basalt altar of Yredelemnul.
 17106 | D:4      | Killed Drangen's ghost
 17294 | Lair:1   | Entered Level 1 of the Lair of Beasts
 17946 | Lair:1   | Identified the ring of Suspected Treachery {rPois Dex+6}
 18227 | Lair:1   | Reached XP level 13. HP: 103/103 MP: 16/16
 18354 | Lair:1   | Reached skill level 10 in Fighting
 20241 | Lair:3   | Found a hole to the Spider Nest.
 20513 | Lair:3   | Found a staircase to the Swamp.
 20745 | Lair:3   | Reached skill level 15 in Axes
 20749 | Lair:3   | Reached skill level 11 in Fighting
 21071 | Lair:3   | Noticed Fannar
 21114 | Lair:3   | Killed Fannar
 21732 | Lair:4   | Noticed a five-headed hydra
 21865 | Lair:4   | Killed a five-headed hydra
 21866 | Lair:4   | Reached XP level 14. HP: 64/113 MP: 8/17
 23034 | D:7      | Killed beef's ghost
 23266 | Lair:5   | Entered Level 5 of the Lair of Beasts
 23269 | Lair:5   | Noticed Urug
 23273 | Lair:5   | Reached skill level 5 in Armour
 23377 | Lair:5   | Killed Urug
 24137 | Lair:5   | Found a viscous altar of Jiyva.
 24137 | Lair:5   | Found a staircase to the Slime Pits.
 24618 | Lair:5   | Noticed a dire elephant
 24618 | Lair:5   | Noticed a dire elephant
 24618 | Lair:5   | Noticed a dire elephant
 24620 | Lair:5   | Noticed a dire elephant
 25030 | Lair:5   | Got Kikubaaqudgha's Atlas of Debased Mysteries
 25368 | Lair:5   | Reached skill level 12 in Fighting
 26768 | D:13     | Noticed Jorgrun
 26789 | D:13     | Killed Jorgrun
 26943 | D:13     | Reached skill level 13 in Fighting
 27163 | D:13     | Reached XP level 15. HP: 94/118 MP: 13/18
 27747 | D:14     | Noticed Frances
 27753 | D:14     | Killed Frances
 27947 | D:14     | Reached skill level 14 in Fighting
 28295 | D:14     | Found a gate to the Vaults.
 28450 | D:14     | Gained mutation: Your casting is slightly disrupted. [Ru
                  | sacrifice]
 28908 | D:15     | Entered Level 15 of the Dungeon
 29669 | D:15     | Reached skill level 5 in Dodging
 30434 | D:15     | Noticed Josephine
 30581 | D:15     | Killed Josephine
 30663 | D:15     | Found Dasoa's Book Shop.
 30781 | D:15     | Found a portal to a secret trove of treasure.
 30849 | D:15     | Found a runed translucent door.
 31004 | D:15     | Reached XP level 16. HP: 115/118 MP: 19/19
 31117 | D:15     | Identified the +9 battleaxe "Jefoy" {vamp, +Blink Will-
                  | Int+3}
 31120 | D:15     | Got Qeatio's Quarto of the Eel
 31349 | D:15     | Found a staircase to the Depths.
 31598 | D:9      | Killed Malachi's ghost
 31603 | D:9      | Identified the +1 plate armour of Beauty {Int+2 Dex+3}
 31687 | Orc:1    | Entered Level 1 of the Orcish Mines
 31881 | Orc:2    | Entered Level 2 of the Orcish Mines
 31898 | Orc:2    | Found a staircase to the Elven Halls.
 31930 | Orc:2    | Found Anlos's General Store.
 31932 | Orc:2    | Found Ivunt's Armour Boutique.
 31967 | Orc:2    | Bought a scroll of silence for 161 gold pieces
 32013 | Orc:2    | Gained mutation: You are dopey. (Int -2) [Ru sacrifice]
 32013 | Orc:2    | Reached ****** piety under Ru
 32088 | Orc:2    | Found Edey's Antique Weapon Boutique.
 32194 | Orc:2    | Found Sushul's Antique Armour Emporium.
 32356 | Orc:2    | Found Qiagh's Book Shoppe.
 32387 | Orc:2    | Found Wokh's Assorted Antiques.
 32497 | Orc:2    | Found Ruops's Antique Armour Boutique.
 32539 | Orc:2    | Found Syul's General Store.
 32588 | Orc:2    | Found Yclosaj's General Store.
 32598 | Orc:2    | Bought a +1 cloak of stealth for 214 gold pieces
 32631 | Orc:2    | Reached skill level 15 in Fighting
 32956 | Orc:1    | Noticed Sonja
 32978 | Orc:1    | Killed Sonja
 33213 | Orc:2    | Bought a scroll of enchant armour for 285 gold pieces
 33565 | Lair:5   | Identified the +7 orcbow of Ru's Condemnation {flame,
                  | Dex+2}
 33675 | Lair:5   | Got Xust's Reference Book on the Cruentate Chill
 33814 | Spider:1 | Entered Level 1 of the Spider Nest
 34346 | Spider:1 | Reached XP level 17. HP: 138/138 MP: 18/20
 35337 | Spider:2 | Reached skill level 16 in Fighting
 35371 | Spider:2 | Identified the +1 pair of gloves of Compassion {Int+5}
 35827 | Spider:2 | Noticed Oneirical's ghost (adept FeWr)
 35831 | Spider:2 | Found a runed translucent door.
 35943 | Spider:2 | Noticed Arachne
 35959 | Spider:2 | Killed Arachne
 36527 | Spider:3 | Noticed Mlioglotl
 36535 | Spider:3 | Killed Mlioglotl
 37165 | Spider:3 | Noticed Bai Suzhen
 37235 | Spider:3 | Killed Bai Suzhen
 37236 | Spider:3 | Reached XP level 18. HP: 93/151 MP: 12/21
 37524 | Spider:4 | Entered Level 4 of the Spider Nest
 37555 | Spider:4 | Identified the +3 sling of Experimentation {freeze,
                  | ^Fragile rF+ Str+3}
 38201 | Spider:4 | Identified the +0 pair of boots "Ymag" {Will+}
 38213 | Spider:4 | Got a gossamer rune of Zot
 38350 | Spider:4 | Reached skill level 17 in Fighting
 38807 | Spider:2 | Killed Oneirical's ghost
 38989 | Swamp:1  | Entered Level 1 of the Swamp
 39142 | Swamp:1  | Reached skill level 15 in Shields
 39778 | Swamp:2  | Reached XP level 19. HP: 147/161 MP: 19/22
 40462 | Swamp:3  | Reached skill level 18 in Fighting
 40552 | Swamp:3  | Identified the +6 chain mail "Dioshruase" {rPois rF- Str+4
                  | Dex+2}
 40556 | Swamp:3  | Identified the +9 falchion "Qabiy" {antimagic, Str+4}
 41194 | Swamp:4  | Entered Level 4 of the Swamp
 41465 | Swamp:4  | Noticed a tentacled monstrosity
 41473 | Swamp:4  | Killed a tentacled monstrosity
 42805 | Swamp:4  | Reached XP level 20. HP: 156/167 MP: 23/26
 42837 | Swamp:4  | Got a decaying rune of Zot
 42929 | Swamp:4  | Reached skill level 19 in Fighting
 43222 | Elf:1    | Entered Level 1 of the Elven Halls
 43317 | Elf:1    | Identified the +2 buckler "Ynamuc" {*Slow rPois Will+
                  | Str+3}
 43330 | Elf:1    | Found a flickering gateway to a bazaar.
 43347 | Bazaar   | Entered a bazaar
 43361 | Bazaar   | Found Wozelus's Assorted Antiques.
 43361 | Bazaar   | Found Piboy's Armour Shoppe.
 43372 | Bazaar   | Bought a scroll of enchant armour for 142 gold pieces
 43383 | Bazaar   | Found Fuaz's Book Emporium.
 43383 | Bazaar   | Found Wimoput's Distillery.
 43388 | Bazaar   | Bought a potion of might for 60 gold pieces
 43388 | Bazaar   | Bought a potion of curing for 45 gold pieces
 43388 | Bazaar   | Bought a potion of curing for 45 gold pieces
 43388 | Bazaar   | Bought a potion of curing for 45 gold pieces
 43388 | Bazaar   | Bought a potion of might for 60 gold pieces
 43388 | Bazaar   | Bought 2 potions of resistance for 300 gold pieces
 43404 | Bazaar   | Found Vosh's Distillery.
 43409 | Bazaar   | Bought a potion of heal wounds for 70 gold pieces
 43409 | Bazaar   | Bought a potion of curing for 42 gold pieces
 43409 | Bazaar   | Bought a potion of heal wounds for 70 gold pieces
 43409 | Bazaar   | Bought 2 potions of resistance for 280 gold pieces
 43409 | Bazaar   | Bought 2 potions of heal wounds for 140 gold pieces
 43409 | Bazaar   | Bought 2 potions of curing for 84 gold pieces
 43409 | Bazaar   | Bought a potion of might for 56 gold pieces
 43409 | Bazaar   | Bought a potion of might for 56 gold pieces
 44033 | Elf:1    | Got the Elucidation of the Nine Songs
 44493 | Elf:2    | Reached skill level 5 in Spellcasting
 44595 | Elf:2    | Found Tuah's Weapon Shoppe.
 44723 | Elf:2    | Found a runed translucent gate.
 44723 | Elf:2    | Found a runed translucent gate.
 44723 | Elf:2    | Found a runed translucent gate.
 45259 | Elf:3    | Entered Level 3 of the Elven Halls
 45665 | Elf:3    | Identified the +8 short sword of Owkiublu {venom, rF- rCorr
                  | Int-4 SInv Stlth+}
 45727 | Elf:3    | Reached skill level 20 in Fighting
 46125 | Elf:3    | Identified the amulet "Lasisaq" {Spirit *Corrode rElec
                  | rC+++ Stlth-}
 46143 | Elf:3    | Reached skill level 1 in Throwing
 46143 | Elf:3    | Reached XP level 21. HP: 177/179 MP: 30/30
 46846 | Elf:3    | Found the +11 plutonium sword {^Contam Stlth-}
 46851 | Elf:3    | Got Ereshkigal's Quarto of Dead Confrontation
 47104 | Elf:3    | Identified the +5 dagger of Defiance {speed, Str+3 Dex+2}
 47536 | Vaults:1 | Entered Level 1 of the Vaults
 47536 | Vaults:1 | Noticed Donald
 47546 | D:14     | Killed Donald
 47564 | Vaults:1 | Reached skill level 5 in Throwing
 47631 | Vaults:1 | Identified the +5 scale mail of Quick Liberty {MP+9 Stlth+}
 48046 | Vaults:1 | Reached skill level 21 in Fighting
 49239 | Vaults:2 | Found a staircase to the Crypt.
 49513 | Vaults:2 | Reached XP level 22. HP: 186/194 MP: 26/31
 50492 | Vaults:3 | Reached skill level 10 in Throwing
 50700 | Vaults:3 | Identified the +8 plate armour of the Pink Corner {Rampage
                  | Regen+ MP+9 Int+3}
 50800 | Vaults:3 | Got the Notes on the Athanor and Bolts
 50804 | Vaults:3 | Got Tuemeph's Catalogue of Turbulence and Amathomancy
 51550 | Vaults:3 | Reached skill level 10 in Armour
 51936 | Vaults:4 | Reached skill level 22 in Fighting
 51969 | Vaults:4 | Reached XP level 23. HP: 203/203 MP: 25/32
 52234 | Vaults:4 | Found Amnialavvi's Magic Scroll Shop.
 52318 | Vaults:4 | Bought a scroll of summoning for 152 gold pieces
 52349 | Vaults:4 | Identified the maw talisman of Harej {Int+3 Dex+4}
 53681 | Depths:1 | Entered Level 1 of the Depths
 53824 | Depths:1 | Found Kidusuig's Antique Weapon Emporium.
 53827 | Depths:1 | Found Qejusaph's Antique Armour Shoppe.
 53827 | Depths:1 | Found Kecoveun's General Store.
 53832 | Depths:1 | Found Ocal's Armour Shoppe.
 53994 | Depths:1 | Bought an embroidered cloak for 255 gold pieces
 54001 | Depths:1 | Bought a scroll of fog for 68 gold pieces
 54059 | Depths:1 | Found a one-way gateway to a ziggurat.
 54088 | Depths:1 | Found a hazy altar of Hepliaklqana.
 54692 | Depths:2 | Found a gateway to Hell.
 54692 | Depths:2 | Found a one-way gate leading to the halls of Pandemonium.
 54743 | Depths:2 | Found a sparkling altar of Nemelex Xobeh.
 54743 | Depths:2 | Found a hazy altar of Hepliaklqana.
 54745 | Depths:2 | Found a bloodstained altar of Trog.
 54879 | Depths:2 | Noticed a caustic shrike
 54897 | Depths:2 | Killed a caustic shrike
 54942 | Depths:2 | Reached XP level 24. HP: 210/210 MP: 32/32
 55191 | Depths:2 | Reached skill level 15 in Throwing
 55280 | Depths:2 | Reached skill level 15 in Armour
 56473 | Depths:2 | Identified the +11 double sword of the Hugging Ancients
                  | {heavy, rCorr}
 56555 | Depths:2 | Identified the +3 halberd "Pona" {venom, Stlth+}
 56557 | Depths:2 | Identified the ring of Egioc {Ice Str+2 Stlth+}
 56985 | Depths:3 | Identified the +2 pair of gloves "Nuafu" {Str+3}
 57052 | Depths:3 | Identified the +0 mace "Duntith" {spect, rElec Int+4}
 57133 | Depths:3 | Found a one-way gate to the infinite horrors of the Abyss.
 57186 | Depths:3 | Found a magical portal.
 57191 | WizLab   | Entered Maxwell's Workshop
 57560 | WizLab   | Identified the ring of the Threshing Gods {Ice rN+ Int+3
                  | SInv}
 57579 | WizLab   | Identified the ring of Qillae {Ice Will+ Int+2 Dex+6}
 57585 | WizLab   | Identified the amulet "Faosm" {Faith -Cast Rampage rF+ rC+}
 57615 | WizLab   | Identified the ring of Sedwust {Fire rN+ Str+3}
 57624 | WizLab   | Identified the +0 short sword "Ruacses" {protect, rC+ Int+4
                  | Dex+4}
 57703 | WizLab   | Found the +2 Maxwell's thermic engine {flame, freeze, rev}
 57703 | WizLab   | Found the +15 Maxwell's patent armour {-Cast -Tele rElec
                  | Will+ rCorr}
 57711 | WizLab   | Reached XP level 25. HP: 217/217 MP: 32/32
 57716 | WizLab   | Identified the ring of Fionkoat {Fire rPois rN+ Int+3}
 57737 | WizLab   | Identified the ring of the Fabulous Plum {Ice Will+ Str+2
                  | Int-5 Dex+2}
 58097 | Depths:3 | Identified the ring of Tempters {Fire Dex+2}
 58869 | Depths:3 | Found a runed translucent gate.
 58869 | Depths:3 | Found a runed translucent gate.
 58869 | Depths:3 | Found a runed translucent gate.
 58871 | Depths:3 | Noticed Dwachs's ghost (veteran MiFi)
 59528 | Depths:4 | Entered Level 4 of the Depths
 59706 | Depths:4 | Noticed Mennas
 59729 | Depths:4 | Killed Mennas
 60312 | Depths:4 | Found a gate to the Realm of Zot.
 61810 | Elf:2    | Identified the blade talisman of Patience {rF+ Int+2 Dex-5}
 62263 | Depths:1 | Bought 2 silver javelins for 306 gold pieces
 62509 | Orc:2    | Bought a scroll of silence for 361 gold pieces
 62509 | Orc:2    | Bought 2 potions of lignification for 228 gold pieces
 62927 | Vaults:5 | Entered Level 5 of the Vaults
 62941 | Vaults:5 | Noticed a dread lich
 62960 | Vaults:5 | Killed a dread lich
 62961 | Vaults:5 | Reached XP level 26. HP: 222/224 MP: 32/32
 63113 | Vaults:5 | Identified the ring "Jimuc" {rPois Str+2 Dex+4}
 64107 | Vaults:5 | Identified the +0 cloak of the Seven Defenders {rC++}
 64109 | Vaults:5 | Got Sif Muna's Vellum of Peregrination and Toxicants
 64110 | Vaults:5 | Identified the +0 pair of boots of the Forging Gods {Int+3}
 64112 | Vaults:5 | Got a silver rune of Zot
 64665 | Vaults:5 | Identified the +0 demon whip of the Solstice {drain, Fly
                  | Str+4 Stlth-}
 65301 | Zot:1    | Entered Level 1 of the Realm of Zot
 65700 | Orc:2    | Bought a +1 pair of boots of flying for 214 gold pieces
 66747 | Zot:1    | Reached XP level 27. HP: 172/213 MP: 24/32
 67303 | Zot:1    | Reached skill level 23 in Fighting
 68064 | Zot:1    | Noticed an orb of fire
 68088 | Zot:1    | Killed an orb of fire
 68090 | Zot:1    | Noticed an orb of fire
 68100 | Zot:1    | Killed an orb of fire
 68394 | Zot:2    | Noticed a dread lich
 68394 | Zot:2    | Noticed a Killer Klown
 68394 | Zot:2    | Noticed a Killer Klown
 68395 | Zot:2    | Noticed a Killer Klown
 68401 | Zot:2    | Killed a Killer Klown
 68405 | Zot:2    | Killed a dread lich
 68418 | Zot:2    | Killed a Killer Klown
 68418 | Zot:2    | Killed a Killer Klown
 69574 | Zot:4    | Identified the +7 trident "Enneewn" {protect, *Corrode
                  | rPois Str+5}
 69587 | Zot:5    | Entered Level 5 of the Realm of Zot
 69787 | Zot:4    | Reached skill level 24 in Fighting
 70861 | Zot:5    | Noticed an orb of fire
 70894 | Zot:5    | Killed an orb of fire
 70894 | Zot:5    | Noticed an orb of fire
 70901 | Zot:5    | Gained mutation: Your health recovers twice as slowly from
                  | being drained. [an orb of fire]
 70914 | Zot:5    | Gained mutation: Your system is resistant to poisons.
                  | (rPois) [an orb of fire]
 70920 | Zot:5    | Killed an orb of fire
 70921 | Zot:5    | Noticed an orb of fire
 70921 | Zot:5    | Gained mutation: Your body sometimes deteriorates upon
                  | taking damage. [an orb of fire]
 70927 | Zot:5    | Killed an orb of fire
 70927 | Zot:5    | Noticed an ancient lich
 70934 | Zot:5    | Killed an ancient lich
 70944 | Zot:5    | Noticed a Killer Klown
 70958 | Zot:5    | Noticed an orb of fire
 70968 | Zot:5    | Gained mutation: You have hidden genetic defects. [an orb
                  | of fire]
 70969 | Zot:5    | Killed a Killer Klown
 70972 | Zot:5    | Gained mutation: You occasionally shout uncontrollably at
                  | your foes. [an orb of fire]
 70974 | Zot:5    | Killed an orb of fire
 70975 | Zot:5    | Noticed a Killer Klown
 70981 | Zot:5    | Killed a Killer Klown
 70981 | Zot:5    | Noticed a Killer Klown
 70989 | Zot:5    | Killed a Killer Klown
 70991 | Zot:5    | Noticed an orb of fire
 70994 | Zot:5    | Gained mutation: Armour fits poorly on your strangely
                  | shaped body. [an orb of fire]
 71001 | Zot:5    | Killed an orb of fire
 71001 | Zot:5    | Noticed a dread lich
 71015 | Zot:5    | Killed a dread lich
 71015 | Zot:5    | Noticed an ancient lich
 71020 | Zot:5    | Killed an ancient lich
 71026 | Zot:5    | Noticed an ancient lich
 71033 | Zot:5    | Killed an ancient lich
 71033 | Zot:5    | Noticed a Killer Klown
 71039 | Zot:5    | Noticed a dread lich
 71043 | Zot:5    | Killed a dread lich
 71059 | Zot:5    | Killed a Killer Klown
 71075 | Zot:5    | Gained mutation: You are weak. (Str -2) [hidden defects]
 71162 | Zot:5    | Lost mutation: Your spells are a little harder to cast, but
                  | a little more powerful. [potion of mutation]
 71162 | Zot:5    | Lost mutation: Your system is resistant to poisons. (rPois)
                  | [potion of mutation]
 71162 | Zot:5    | Lost mutation: You have hidden genetic defects. [potion of
                  | mutation]
 71162 | Zot:5    | Gained mutation: Your flesh is cold resistant. (rC+)
                  | [potion of mutation]
 71163 | Zot:5    | Lost mutation: You possess an exceptional clarity of mind.
                  | [potion of mutation]
 71163 | Zot:5    | Lost mutation: Your flesh is cold resistant. (rC+) [potion
                  | of mutation]
 71163 | Zot:5    | Lost mutation: Your body sometimes deteriorates upon taking
                  | damage. [potion of mutation]
 71163 | Zot:5    | Gained mutation: You have an increased reservoir of magic.
                  | (+10% MP) [potion of mutation]
 71164 | Zot:5    | Lost mutation: Armour fits poorly on your strangely shaped
                  | body. [potion of mutation]
 71164 | Zot:5    | Lost mutation: You are covered in fur. (AC +1) [potion of
                  | mutation]
 71164 | Zot:5    | Gained mutation: You are very weak. (Str -4) [potion of
                  | mutation]
 71164 | Zot:5    | Lost mutation: You occasionally shout uncontrollably at
                  | your foes. [potion of mutation]
 71164 | Zot:5    | Gained mutation: Your body sometimes deteriorates upon
                  | taking damage. [potion of mutation]
 71165 | Zot:5    | Lost mutation: You are very weak. (Str -4) [potion of
                  | mutation]
 71165 | Zot:5    | Lost mutation: Your health recovers twice as slowly from
                  | being drained. [potion of mutation]
 71165 | Zot:5    | Gained mutation: You are strong-willed. (Will+) [potion of
                  | mutation]
 71235 | Zot:5    | Noticed an orb of fire
 71252 | Zot:5    | Gained mutation: Your spells are a little easier to cast,
                  | but a little less powerful. [an orb of fire]
 71254 | Zot:5    | Gained mutation: You are vulnerable to heat. (rF-) [an orb
                  | of fire]
 71256 | Zot:5    | Gained mutation: You are frail. (-10% HP) [an orb of fire]
 71257 | Zot:5    | Killed an orb of fire
 71323 | Zot:5    | Noticed an orb of fire
 71343 | Zot:5    | Killed an orb of fire
 72095 | Zot:5    | Lost mutation: Your body sometimes deteriorates upon taking
                  | damage. [potion of mutation]
 72095 | Zot:5    | Lost mutation: You are strong-willed. (Will+) [potion of
                  | mutation]
 72095 | Zot:5    | Lost mutation: You are weak. (Str -2) [potion of mutation]
 72095 | Zot:5    | Lost mutation: Your spells are a little easier to cast, but
                  | a little less powerful. [potion of mutation]
 72095 | Zot:5    | Lost mutation: You are frail. (-10% HP) [potion of
                  | mutation]
 72096 | Zot:5    | Lost mutation: You are vulnerable to heat. (rF-) [potion of
                  | mutation]
 72096 | Zot:5    | Lost mutation: You have an increased reservoir of magic.
                  | (+10% MP) [potion of mutation]
 72096 | Zot:5    | Lost mutation: You expend magic power (3 MP) to strengthen
                  | your wands. [potion of mutation]
 72096 | Zot:5    | Gained mutation: You are strong-willed. (Will+) [potion of
                  | mutation]
 72096 | Zot:5    | Gained mutation: You have hidden genetic potential. [potion
                  | of mutation]
 72110 | Zot:5    | Got the Orb of Zot
 72624 | D:13     | Noticed Diom Ruc the pandemonium lord
 72645 | D:13     | Killed Diom Ruc the pandemonium lord
 73049 | D:$      | Escaped with the Orb!

Illustrated notes

Levels and vault maps discovered:
D:1:      scummos_arrival_simple_crosswalls, layout_basic,
          nicolae_ecumenical_snake_handling, hex_medium
D:2:      layout_basic, basic_altar
D:3:      layout_basic, nicolae_ru_sacrificial_ziggurat,
          cheibrodos_sewer_entry_sluice, minmay_fractal_squares_diagonal_5
D:4:      layout_loops_ring, lemuel_mausoleum_altar_yredelemnul,
          gammafunk_ghost_arena
D:5:      layout_basic, mainiacjoe_overflow_six_doors_small,
          grunt_ministairs_13, st_stairs_12, uniq_menkaure
D:6:      layout_basic, mainiacjoe_overflow_catwalk, nicolae_vehumet_radiance,
          slow_altar_2, minmay_temple_entry_poolview, minmay_checkerbox
D:7:      layout_cave_pools, gammafunk_ghost_split, minmay_fountain_box
D:8:      layout_cave_pools, chequers_temple_overflow_statue_of_worship,
          uniq_joseph
D:9:      layout_basic, lemuel_crystal_altar, gammafunk_ghost_arena,
          kb_lookout_dungeons_type, uniq_psyche
D:10:     layout_stronghold, hellmonk_lair_entry_icy, hangedman_decor_lopped
D:11:     layout_long_grid, tso_oasis_becter
D:12:     layout_irregular_city, orc_0_dummy, portal_ice_cave_entry_pillars_2,
          gauntlet_entry_generic, wad_floor_pattern_2, minmay_between
D:13:     layout_grid_maze, uniq_jorgrun
D:14:     layout_basic, grunt_vaults_entry_tiered, minmay_crystal_water,
          kennysheep_generic_room_4, uniq_frances
D:15:     grunt_enter_depths_snipers, layout_loops_ring,
          chequers_serial_rivers_room_b, serial_shops,
          nicolae_shop_tiny_statue_garden, nicolae_trove_entry_free_sample,
          grunt_decor_junction, grunt_ministairs_4, kennysheep_treasure_room,
          uniq_josephine
Lair:1:   layout_layer_cave
Lair:2:   layout_chaotic_city, minivault_23
Lair:3:   layout_cave_pods, skrybe_swamp_entry_bodies,
          nicolae_spider_entry_orb_guardian, uniq_fannar
Lair:4:   layout_regular_city, infiniplex_staircase_pool_2
Lair:5:   due_jungle_book, layout_cave_pods, slime_entry_1, grunt_megastairs_1,
          uniq_urug
Swamp:1:  layout_falls_marsh, evilmike_swamp_ruin_rubble_1,
          infiniplex_staircase_pool
Swamp:2:  layout_falls_marsh, evilmike_swamp_ruin_house_3
Swamp:3:  nzn_winding_woodlands_cross [nzn_winding_woodlands_5x15_cabin,
          nzn_winding_woodlands_5x15_eye,
          nzn_winding_woodlands_5x15_split_checker,
          nzn_winding_woodlands_5x15_river_crossing,
          nzn_winding_woodlands_15x15_witchcraft], layout_basic_swamp,
          nicolae_swamp_little_tower
Swamp:4:  nzn_swamp_witches_coven, layout_basic_swamp, cheibrodos_swamp_minitomb
Spider:1: layout_cave_pods
Spider:2: layout_spider_delve, hellmonk_ghost_happy_afterlife,
          hellmonk_motheaten_closet, uniq_arachne
Spider:3: nicolae_spider_hall_of_the_moth_king, uniq_mlioglotl, uniq_bai_suzhen
Spider:4: grunt_spider_rune_island, hangedman_stitches_earthworm
Orc:1:    layout_caves, uniq_sonja
Orc:2:    grunt_orc_gardens, layout_caves, grunt_orc_garden, grunt_orc_garden,
          grunt_orc_garden, grunt_orc_garden, serial_shops, shop,
          nicolae_shop_window_shopping, nicolae_shop_advertising_works
          [nicolae_subvault_shop_adworks], nicolae_shop_window_shopping,
          nicolae_square_shop
Elf:1:    elf_arrival_001, layout_gridlike, serial_shops, bzr_entry_gold,
          minmay_elf_sorcery
Elf:2:    nicolae_elf_blades_splatter_lattice [mumra_blade_entry_dagger],
          layout_gridlike, serial_shops, nicolae_stop_n_shop_2,
          nicolae_elf_stone_circles, david_greed
Elf:3:    minmay_elf_hall_four_x, layout_loops_cross,
          hangedman_elven_crosses_minicolossus
Vaults:1: vaults_standard_mumra_x, v_misc_2, vaults_room_large_hall,
          vaults_mumra_minichess, vaults_mumra_hexcomb, v_misc_29,
          nicolae_vaults_tetromino_T_1, ontoclasm_vaults_ligature, v_misc_10,
          nicolae_vaults_trapezoid_lopsided_3, layout_vaults_omnigrid,
          uniq_donald
Vaults:2: nicolae_vaults_more_shelving_2, minmay_crypt_entry_simple_plaza,
          nicolae_vaults_tetromino_L_2, nicolae_vaults_closet_pinwheel_5,
          nicolae_vaults_little_squares_4, nicolae_vaults_triangles, v_misc_22,
          v_misc_17, nicolae_vaults_cornered_office,
          nicolae_vaults_sealed_display, layout_vaults_omnicross
Vaults:3: grunt_vaults_bifocal, nicolae_vaults_closet_pinwheel_1, v_rooms_1,
          nicolae_vaults_disappearing_quadrants, ontoclasm_vaults_fault,
          nicolae_vaults_puzzle_piece, nicolae_vaults_little_squares_3,
          hangedman_vaults_snaps, grunt_vaults_hallway_short,
          grunt_vaults_focal, hangedman_vaults_stitches, v_pattern_1,
          nicolae_vaults_tetromino_T_2, grunt_vaults_hallway_long,
          vaults_room_pools, layout_vaults_omnibox
Vaults:4: v_misc_24, nicolae_vaults_tetromino_T_2, nicolae_vaults_cochlea,
          hangedman_vaults_slice, v_misc_2, nicolae_vaults_ring_of_whatevers,
          ontoclasm_vaults_ring_small, vaults_room_corners,
          nicolae_vaults_trapezoid_lopsided_2, v_misc_12,
          nicolae_vaults_border_crossing, vaults_mumra_lcd,
          layout_vaults_big_room, serial_shops, nicolae_shop_tiny_waterfront
Vaults:5
Depths:1: layout_cave_pools, enter_ziggurat_c, nicolae_hepliaklqana_hazy_memory,
          hellmouth_1, grunt_ministairs_8, lemuel_old_faithful, minmay_shoptagon
Depths:2: hangedman_slaughterboxes, pan_entry, hell_entry
Depths:3: minmay_the_grid_plus [minmay_the_grid_expand,
          minmay_the_grid_diamond_grid, minmay_the_grid_square_x,
          minmay_the_grid_dragon_b, minmay_the_grid_prize_four_corners],
          layout_cave_shapes, biasface_ghost_demon_polymorph, abyss_entry,
          serial_sigils_hangedman_snap, mu_enter_wizlab_1, pan_entry,
          hell_entry, minmay_staircase_statues
Depths:4: grunt_zot_entry_gee_three, layout_basic, pf_coc_iceberg,
          abyss_entry_crystal, uniq_mennas
Zot:1:    regret_index_infernal_bastille, layout_gridlike
Zot:2:    ebering_klown_carousel, layout_basic, regret_index_zotdec_bone_old
Zot:3:    layout_concentric_octagons, st_stairs_11, uniq_josephina
Zot:4:    layout_misc_corridors
Zot:5:    layout_misc_corridors

Skill      XL: |  1  2  3  4  5  6  7  8  9 10 11 12 13 14 15 16 17 18 19 20 21 22 23 24 25 26 27 |
---------------+----------------------------------------------------------------------------------+-----
Axes           | 4 5 7 8 9 10 12 13 15 16 17 19 20 22 | 22.0
Fighting       | 4 5 7 9 11 13 14 15 16 17 18 20 21 22 24 | 24.0
Shields        | 2 3 4 6 7 10 11 13 14 15 16 17 18 20 | 20.0
Armour         | 3 6 7 8 11 14 16 17 18 19 | 19.2
Spellcasting   | 2 4 6 |  6.0
Dodging        | 6 7 9 |  9.0
Throwing       | 1 8 12 14 17 19 20 23 | 23.4

Action                     |  1- 3 |  4- 6 |  7- 9 | 10-12 | 13-15 | 16-18 | 19-21 | 22-24 | 25-27 || total
---------------------------+-------+-------+-------+-------+-------+-------+-------+-------+-------++-------
  Melee: Hand axe          |    58 |   174 |   153 |       |       |       |       |       |       ||   385
         Flail             |       |       |    24 |    15 |    20 |       |       |       |       ||    59
         War axe           |       |       |   156 |   785 |  1348 |     2 |       |       |       ||  2291
         Trident           |       |       |    40 |       |       |       |       |       |       ||    40
         Demon trident     |       |       |       |       |    12 |       |       |       |       ||    12
         Battleaxe         |       |       |       |       |       |  1204 |  1326 |  1350 |  2315 ||  6195
         Broad axe         |       |       |       |       |       |     2 |    30 |       |       ||    32
   Fire: Sling             |       |     5 |       |       |       |       |       |       |       ||     5
  Throw: Dart              |       |     7 |    37 |    26 |    17 |       |       |       |       ||    87
         Boomerang         |       |       |       |       |       |       |       |     2 |    13 ||    15
         Throwing net      |       |       |       |       |       |       |       |       |     2 ||     2
 Invoke: Sacrifice Artific |       |     1 |       |       |       |       |       |       |       ||     1
         Sacrifice Stealth |       |       |     1 |       |       |       |       |       |       ||     1
         Draw Out Power    |       |       |       |     7 |       |       |     2 |     1 |     1 ||    11
         Sacrifice Skill   |       |       |       |     1 |       |       |       |       |       ||     1
         Sacrifice Words   |       |       |       |     1 |       |       |       |       |       ||     1
         Reject Sacrifices |       |       |       |     1 |     1 |       |       |       |       ||     2
         Apocalypse        |       |       |       |       |     5 |     2 |     2 |     2 |     4 ||    15
         Sacrifice Essence |       |       |       |       |     1 |       |       |       |       ||     1
         Sacrifice Purity  |       |       |       |       |       |     1 |       |       |       ||     1
Ability: Dig               |       |     1 |     6 |    11 |     7 |     4 |     5 |     2 |     9 ||    45
    Use: Scroll            |       |     6 |     7 |    10 |     7 |     8 |     3 |     3 |    20 ||    64
         Potion            |       |     3 |     8 |     2 |       |       |       |     3 |    24 ||    40
   Stab: Distracted        |       |       |     1 |     7 |     9 |    11 |    12 |    10 |    20 ||    70
         Invisible         |       |       |     8 |     7 |    10 |    10 |     4 |     7 |    22 ||    68
         Paralysed         |       |       |       |     1 |     6 |     6 |     1 |     8 |     4 ||    26
         Petrified         |       |       |       |       |    15 |       |       |       |       ||    15
         Petrifying        |       |       |       |       |     1 |       |       |       |       ||     1
         Held in net/web   |       |       |       |       |       |       |       |       |     4 ||     4
 Armour: Robe              |    32 |     6 |       |       |       |       |       |       |       ||    38
         Scale mail        |       |    82 |   188 |   350 |   436 |     3 |       |       |       ||  1059
         Chain mail        |       |       |    36 |       |       |       |       |       |       ||    36
         Plate armour      |       |       |       |       |       |   438 |   404 |   506 |   956 ||  2304
  Dodge: Dodged            |    36 |    76 |   157 |   159 |   197 |   172 |   134 |   196 |   303 ||  1430
         Repelled          |       |       |     1 |     2 |     5 |       |       |       |       ||     8
  Block: Tower shield      |       |       |    33 |   659 |  1011 |  1149 |   926 |  1102 |  1738 ||  6618

Table legend: (Time is in decaauts)
 A = Elapsed time spent in this place.
 B = Non-inter-level travel time spent in this place.
 C = Inter-level travel time spent in this place.
 D = Time resting spent in this place.
 E = Time spent auto-exploring this place.
 F = Levels seen in this place.
 G = Mean time per level.
                   A        B        C        D        E       F      G
               +--------+--------+--------+--------+--------+-----+--------+
         Total |  73312 |  64425 |   8887 |  14097 |  31452 |  51 | 1437.5 |
       Dungeon |  25549 |  21727 |   3822 |   6230 |   9115 |  15 | 1703.3 |
          Lair |   8689 |   7686 |   1003 |   1693 |   4297 |   5 | 1737.8 |
         Swamp |   4412 |   4245 |    167 |    735 |   2311 |   4 | 1103.0 |
   Spider Nest |   5431 |   5031 |    400 |    718 |   2938 |   4 | 1357.8 |
  Orcish Mines |   1982 |   1416 |    566 |     84 |    951 |   2 |  991.0 |
   Elven Halls |   5255 |   4780 |    475 |   1028 |   2462 |   3 | 1751.7 |
        Vaults |   8091 |   6879 |   1212 |     99 |   4983 |   5 | 1618.2 |
        Depths |   6832 |   5835 |    997 |   1231 |   2873 |   4 | 1708.0 |
           Zot |   5594 |   5350 |    244 |   2106 |   1222 |   5 | 1118.8 |
        Bazaar |    100 |    100 |      0 |      0 |     93 |   1 |  100.0 |
         Sewer |    100 |    100 |      0 |      0 |      0 |   1 |  100.0 |
        Wizlab |    783 |    783 |      0 |    170 |    204 |   1 |  783.0 |
      Gauntlet |    489 |    489 |      0 |      0 |      0 |   1 |  489.0 |
               +--------+--------+--------+--------+--------+-----+--------+

Top non-repeatable levels by time:
    D:15: 3142 daAuts
Depths:2: 2705 daAuts
  Lair:5: 2503 daAuts
   Zot:5: 2198 daAuts
     D:5: 2195 daAuts
     D:9: 2194 daAuts
    D:14: 2161 daAuts
   Zot:1: 2150 daAuts
  Lair:3: 2105 daAuts
   Elf:3: 2077 daAuts
  Lair:1: 1980 daAuts
Vaults:1: 1951 daAuts
 Swamp:4: 1934 daAuts
Depths:3: 1864 daAuts
    D:13: 1849 daAuts
